 Dungeon Crawl Stone Soup version 0.31-a0-214-gb37851dbb3 (webtiles) character file.

Game seed: 3647611148612746637

342 qw the Chopper (level 6, -8/39 HPs)
             Began as a Gargoyle Fighter on July 1, 2023.
             Killed from afar by an oklob plant (16 damage)
             ... with a splash of acid
             ... on level 4 of the Dungeon.
             The game lasted 00:01:16 (2675 turns).

qw the Chopper (Gargoyle Fighter)                   Turns: 2675, Time: 00:01:17

Health: -8/39      AC: 13    Str: 22    XL:     6   Next: 57%
Magic:  6/6        EV:  9    Int:  8    God:
Gold:   120        SH:  4    Dex:  9    Spells: 5/5 levels left

rFire   . . .        Y - +0 war axe
rCold   . . .        c - +0 buckler
rNeg    + . .        b - +0 scale mail
rPois   inf          i - +3 hat of Zygefu {Will+++}
rElec   +            e - +0 cloak
rCorr   .            k - +1 pair of gloves
SInv    .            (no boots)
Will    +++..        (no amulet) Stlth
                     (no ring)
HPRegen 0.26/turn    (no ring)
MPRegen 0.10/turn

%: no passive effects
@: corroded
A: sickness immunity, AC +4, negative energy resistance 1, electricity
resistance, torment resistance 1, petrification resistance
a: no special abilities


You were on level 4 of the Dungeon.
You visited 1 branch of the dungeon, and saw 4 of its levels.

You collected 120 gold pieces.


Innate Abilities, Weirdness & Mutations

You are immune to sickness and miasma.
Your stone body is resilient. (AC +4)
You are immune to poison.
You resist negative energy. (rN+)
You are resistant to electric shocks. (rElec)
You are resistant to unholy torment.
You are immune to petrification.


   Skills:
 - Level 4.6 Fighting
 - Level 5.1 Axes
 - Level 1.3 Throwing
 - Level 3.2 Armour
 + Level 0.1 Dodging
 - Level 3.2 Shields


You had 5 spell levels left.
You didn't know any spells.
Your spell library was empty.

Inventory:

Hand Weapons
 h - a +0 mace
 Y - a +0 war axe (weapon)
Missiles
 g - 3 javelins (quivered)
 j - 4 silver boomerangs
Armour
 b - a +0 scale mail (worn)
 c - a +0 buckler (worn)
 e - a +0 cloak (worn)
 i - the +3 hat of Zygefu (worn) {Will+++}
   (You acquired it on level 3 of the Dungeon)

   Will:      It greatly increases your willpower.
 k - a +1 pair of gloves (worn)
 q - a +0 chain mail
Jewellery
 p - a +6 ring of dexterity
Scrolls
 a - 4 scrolls of identify
 f - a scroll of amnesia {unknown}
 o - a scroll of noise {unknown}
Potions
 d - a potion of might
 l - a potion of resistance {unknown}
 m - 3 potions of curing {unknown}
 n - a potion of berserk rage {unknown}

Dungeon Overview and Level Annotations

Branches:
Dungeon (4/15)
 Temple: D:4-7

Altars:
Elyvilon
Fedhas
Kikubaaqudgha
Makhleb
Sif Muna
Trog
Uskayaw
Xom
Zin

Shops:
D:2 :

Annotations:
D:4 exclusion: oklob plant


Message History

Enter note:
Enter note: You hit the plant.
The plant begins to die.
The plant is lightly damaged.
You slash the plant!
The plant begins to die.
You slash the plant!
The plant begins to die.
The oklob plant spits acid at you. The splash of acid hits you!!
Ouch! That really hurt!
The acid corrodes you!
Enter note:
Enter note:
Enter note:
Enter note:
Enter note:
Enter note:
Enter note:
Enter note:
Enter note:
Enter note:
Enter note:
Enter note:
Enter note:
Enter note:
Enter note:
Enter note:
Enter note:
2668 ||| UPGRADING to +0 cloak.
You start putting on your armour.
You continue putting on your +0 cloak.
A nearby plant withers and dies. x2
You continue putting on your +0 cloak.
A nearby plant withers and dies.
You continue putting on your +0 cloak. x2
You finish putting on your +0 cloak.
2673 ||| UPGRADING to +0 chain mail.
You start removing your armour.
You continue taking off your +0 scale mail. x2
The oklob plant spits acid at you.
You stop removing your armour.
The splash of acid hits you!
You die...

............##.# #........#.###..
.............#.# ##.#.###.....#..
..[............# #....###.......#
..##...........###.....#...#.....
...##...............####.........
.^####.......####....# ##........
#.# ################## ##.......
..## PPP#7P#P#...7.#P7##........
...# .PP7PP..@....PPP#........
.#.###7#77P77PP7......PP#........
.#.##PPPP.P.PPP..7.P7..P#..#.....
#...#PP.#P.........PP.PP####.#...
##..#.PPP..~~~~~..#PP.PP# ######
....#.....~~~~~~~..PPPP##
....#.#..~~~~~~~~~..7.PP#
....#77.~~~~~~~~~~~.#P.7#
[...###.~~~~...~~~~.PP7P#


You could see an oklob plant.

Vanquished Creatures
  A black bear (D:4)
  2 vampire bats (D:3)
  A jelly (D:4)
  An orc wizard (D:4)
  2 gnolls (D:4)
  2 adders
  A worm (D:4)
  3 orcs (D:4)
  A bat (D:2)
  4 bat skeletons (D:3)
  A bat zombie (D:3)
  9 endoplasms
  5 giant cockroaches
  5 goblins
  9 hobgoblins
  A quokka (D:1)
  9 ball pythons
  A frilled lizard (D:2)
  8 kobolds
  7 rats
73 creatures vanquished.

Notes
Turn   | Place    | Note
-------+----------+-------------------------------------------
     0 | D:1      | qw the Gargoyle Fighter began the quest for the Orb.
     0 | D:1      | Reached XP level 1. HP: 14/14 MP: 1/1
     0 | D:1      | 0 ||| qw: Version: 0.3-a-32-g5962c71
     0 | D:1      | 0 ||| qw: Game counter: 7522
     0 | D:1      | 0 ||| qw: Melee chars always use a shield: true
     0 | D:1      | 0 ||| qw: God list: Okawaru
     0 | D:1      | 0 ||| qw: Allow faded altars: false
     0 | D:1      | 0 ||| qw: Do Orc after clearing Dungeon:15 true
     0 | D:1      | 0 ||| qw: Do second Lair branch before Depths: true
     0 | D:1      | 0 ||| qw: Lair rune preference: random
     0 | D:1      | 0 ||| qw: Goals: Normal, Zot:1-4, Slime:5, God:TSO, Crypt,
                  | Tomb, Abyss, Pan, Hells, Win
     0 | D:1      | 0 ||| PLANNING D:1-11
    35 | D:1      | Reached skill level 2 in Axes
   104 | D:1      | Reached XP level 2. HP: 16/19 MP: 2/2
   113 | D:1      | 113 ||| Stepping ~*~*~tactically~*~*~ (stealth).
   114 | D:1      | 114 ||| Stepping ~*~*~tactically~*~*~ (stealth).
   115 | D:1      | 115 ||| Stepping ~*~*~tactically~*~*~ (stealth).
   205 | D:1      | Found a faded altar of an unknown god.
   613 | D:1      | 613 ||| UPGRADING to +0 pair of gloves.
   618 | D:1      | 618 ||| READING 2 scrolls labelled WUER GUPNUIN.
   619 | D:1      | 619 ||| READING scroll labelled BUSTRU HASUGYS.
   650 | D:2      | 650 ||| Stepping ~*~*~tactically~*~*~ (stealth).
   721 | D:2      | Found Escheclo's Vocational Training.
   915 | D:2      | 915 ||| Stepping ~*~*~tactically~*~*~ (stealth).
   917 | D:2      | Reached skill level 3 in Axes
   927 | D:2      | 927 ||| Stepping ~*~*~tactically~*~*~ (stealth).
   939 | D:2      | Reached XP level 3. HP: 23/23 MP: 3/3
  1180 | D:2      | 1180 ||| Stepping ~*~*~tactically~*~*~ (stealth).
  1181 | D:2      | 1181 ||| Stepping ~*~*~tactically~*~*~ (stealth).
  1188 | D:2      | Reached skill level 1 in Throwing
  1247 | D:2      | 1247 ||| READING 2 scrolls labelled JIUPAU GAFU VUPS.
  1248 | D:2      | 1248 ||| READING scroll labelled LINAIDGH XOMUENG.
  1249 | D:2      | 1249 ||| READING scroll labelled YSACUIWOIL.
  1250 | D:2      | 1250 ||| READING 2 scrolls of identify.
  1250 | D:2      | 1250 ||| IDENTIFYING yellow potion
  1251 | D:2      | 1251 ||| DROPPING scroll of revelation.
  1441 | D:3      | 1441 ||| Stepping ~*~*~tactically~*~*~ (hiding).
  1638 | D:3      | 1638 ||| Stepping ~*~*~tactically~*~*~ (hiding).
  1683 | D:3      | Found a hide-covered altar of Uskayaw.
  1684 | D:3      | Noticed a +0 dagger
  1684 | D:3      | Noticed a +0 dagger
  1809 | D:3      | Reached XP level 4. HP: 28/28 MP: 4/4
  1900 | D:3      | Found an ancient bone altar of Kikubaaqudgha.
  1904 | D:3      | Reached skill level 4 in Axes
  1942 | D:3      | Reached XP level 5. HP: 32/32 MP: 5/5
  2010 | D:3      | 2010 ||| DROPPING amulet of magic regeneration.
  2011 | D:3      | 2011 ||| READING scroll labelled JAWNEB RADDAL.
  2011 | D:3      | Identified a scroll of acquirement
  2011 | D:3      | 2011 ||| ACQUIRING +3 hat of Zygefu {Will+++}
  2011 | D:3      | Acquired the +3 hat of Zygefu {Will+++}
  2013 | D:3      | 2013 ||| UPGRADING to +3 hat of Zygefu {Will+++}.
  2018 | D:3      | 2018 ||| READING 2 scrolls of identify.
  2018 | D:3      | 2018 ||| IDENTIFYING fizzy coppery potion
  2019 | D:3      | 2019 ||| DROPPING potion of degeneration.
  2059 | D:4      | 2059 ||| READING scroll of enchant armour.
  2059 | D:4      | 2059 ||| ENCHANTING +0 pair of gloves.
  2203 | D:4      | 2203 ||| Stepping ~*~*~tactically~*~*~ (hiding).
  2206 | D:4      | Reached skill level 5 in Axes
  2214 | D:4      | Reached XP level 6. HP: 15/37 MP: 6/6
  2218 | D:4      | HP: 9/37 [frozen (3)]
  2219 | D:4      | 2219 ||| READING scroll of teleportation.
  2220 | D:4      | 2220 ||| DRINKING potion of heal wounds.
  2298 | D:4      | Found a shimmering altar of Xom.
  2300 | D:4      | Found a bloodstained altar of Trog.
  2300 | D:4      | Found a glowing silver altar of Zin.
  2303 | D:4      | Found a burning altar of Makhleb.
  2303 | D:4      | Found a shimmering blue altar of Sif Muna.
  2303 | D:4      | Found an ancient bone altar of Kikubaaqudgha.
  2323 | D:4      | Noticed a black bear
  2329 | D:4      | Killed a black bear
  2423 | D:4      | Found a white marble altar of Elyvilon.
  2620 | D:4      | Found a blossoming altar of Fedhas.
  2635 | D:4      | Noticed an oklob plant
  2662 | D:4      | 2662 ||| FLEEEEING.
  2663 | D:4      | 2663 ||| FLEEEEING.
  2665 | D:4      | 2665 ||| FLEEEEING.
  2667 | D:4      | HP: 6/39 [oklob plant/splash of acid (23)]
  2668 | D:4      | 2668 ||| UPGRADING to +0 cloak.
  2673 | D:4      | 2673 ||| UPGRADING to +0 chain mail.
  2675 | D:4      | Killed from afar by an oklob plant

Levels and vault maps discovered:
D:1:      psy_arrival_radial01, layout_rooms,
          shapermc_ecumenical_altar_mp_urbaneastern, minmay_heptomino_l4
D:2:      layout_loops_ring, nicolae_shop_vocational
D:3:      layout_loops_ring, dancing_weapons_uskayaw, kennysheep_vampire_church
D:4:      layout_cave_pools, doesnt_xom_only_xom,
          nicolae_elyvilon_peaceful_grove, tgw_fedhas, grunt_ministairs_7

Skill      XL: |  1  2  3  4  5  6 |
---------------+-------------------+-----
Axes           | 2 3 4 5 |  5.1
Throwing       | 1 |  1.3
Fighting       | 4 |  4.6
Armour         | |  3.2
Dodging        | |  0.1
Shields        | |  3.2

Action                     |  1- 3 |  4- 6 || total
---------------------------+-------+-------++-------
  Melee: War axe           |    82 |    54 ||   136
  Throw: Javelin           |    32 |    20 ||    52
         Boomerang         |     8 |     5 ||    13
    Use: Scroll            |     6 |     4 ||    10
         Potion            |       |     1 ||     1
 Armour: Scale mail        |    38 |    44 ||    82
  Dodge: Dodged            |    36 |    28 ||    64
  Block: Buckler           |    21 |    11 ||    32

Table legend:
 A = Non-vault XP
 B = Vault XP
 C = Vault XP percentage of total XP
 D = Non-vault monster count
 E = Vault monster count
 F = Vault count percentage of total count
                 A         B        C        D         E       F
            +---------+---------+-------+---------+---------+-------
      Total |     227 |     262 |  53.6 |      60 |      13 |  17.8
            +---------+---------+-------+---------+---------+-------
        D:1 |      12 |       7 |  36.8 |       8 |       4 |  33.3
        D:2 |      39 |       0 |   0.0 |      18 |       0 |   0.0
        D:3 |      37 |     122 |  76.7 |      15 |       7 |  31.8
        D:4 |     139 |     133 |  48.9 |      19 |       2 |   9.5
            +---------+---------+-------+---------+---------+-------
